 Dungeon Sprint DCSS version 0.31-a0-142-g31f6795574 (webtiles) character file.

Game seed: 6857571996422674997

2940 rocky1 the Blocker (level 10, 0/86 HPs)
             Began as a Formicid Fighter on June 4, 2023.
             Was an Elder of Okawaru.
             Slain by a vampire knight
             ... wielding a +0 vampiric battleaxe
              (2 damage)
             ... while petrified by a basilisk
             ... in the Dungeon (Sprint VII: "The Pits").
             The game lasted 00:05:13 (1630 turns).

rocky1 the Blocker (Formicid Fighter)               Turns: 1630, Time: 00:05:14

Health: 0/86       AC: 19    Str: 24    XL:     10   Next: 7%
Magic:  11/17      EV:  2    Int: 15    God:    Okawaru [****..]
Gold:   0          SH:  0    Dex: 13    Spells: 9/9 levels left

rFire   . . .        h - +2 war axe (freeze)
rCold   . . .        c - +0 buckler
rNeg    + + +        m - +4 chain mail
rPois   ∞            (helmet unavailable)
rElec   .            (no cloak)
rCorr   .            k - +0 pair of gloves
SInv    +            (no boots)
Will    +....        (no amulet) Stlth
                     n - +3 ring of intelligence
HPRegen 0.34/turn    o - +3 ring of intelligence
MPRegen 0.15/turn

%: no passive effects
@: petrified, heroic, finesse-ful, invisible
A: permanent stasis, dig shafts and tunnels, antennae 3, four strong arms
a: Dig, Renounce Religion, Heroism, Finesse


You were in the Dungeon.
You worshipped Okawaru.
Okawaru was greatly pleased with you.
You visited 1 branch

Inventory:

Hand Weapons
 a - a +2 dire flail of protection
 h - a +2 war axe of freezing (weapon)
Armour
 c - a +0 buckler (worn)
 k - a +0 pair of gloves (worn)
 m - a +4 chain mail (worn)
Jewellery
 n - a +3 ring of intelligence (left hand)
 o - a +3 ring of intelligence (right hand)
Scrolls
 j - 5 scrolls of amnesia
Potions
 d - 2 potions of might
 e - 9 potions of curing
 f - 6 potions of heal wounds
 g - 4 potions of magic
 i - a potion of invisibility
 p - a potion of brilliance
 q - 3 potions of mutation


   Skills:
 + Level 10.5(15.5) Fighting
 * Level 12.8(17.8) Axes
 + Level 10.4(15.4) Armour
 + Level 13.8(18.8) Shields
 + Level 10.0 Invocations


You had 9 spell levels left.
You didn't know any spells.
Your spell library was empty.

Dungeon Overview and Level Annotations

Branches:
Dungeon (1/1)

Altars:
Ashenzari
Cheibriados
Dithmenos
Elyvilon
Fedhas
Gozag
Hepliaklqana
Kikubaaqudgha
Makhleb
Nemelex Xobeh
Okawaru
Qazlal
Ru
Sif Muna
Trog
Uskayaw
Vehumet
Wu Jian
Xom
Yredelemnul
Zin
The Shining One
Jiyva
Lugonu


Innate Abilities, Weirdness & Mutations

You cannot be hasted, slowed, berserked, paralysed or teleported.
You can dig through walls and to a lower floor.
You have a pair of large antennae on your head. (SInv)
Your four strong arms can wield two-handed weapons with a shield.


Message History

Unknown command.
Okay, then.
You catch the helpless orc completely off-guard!
You slash the orc! You freeze the orc.
You kill the orc!
Okawaru accepts your kill.
You hit the vampire knight but do no damage.
You hit the orc warrior. You freeze the orc warrior.
Unknown command.
You hit the vampire knight. You freeze the vampire knight.
The vampire knight is heavily damaged.
You closely miss the orc warrior.
The vampire knight gestures wildly while chanting.
The vampire knight seems to speed up.
The orc warrior hits you with a +0 mace!
The basilisk gazes at the orc warrior.
The orc warrior resists with significant effort.
You have turned to stone.
The vampire knight hits you with a +0 vampiric battleaxe!!
The vampire knight bites you.
The orc warrior hits you with a +0 mace!
The orc warrior no longer looks unusually strong.
The vampire knight hits you with a +0 vampiric battleaxe.
The vampire knight bites you but does no damage.
The orc warrior hits you with a +0 mace!
* * * LOW HITPOINT WARNING * * *
The vampire knight hits you but does no damage.
The vampire knight bites you!
* * * LOW HITPOINT WARNING * * *
The vampire knight hits you with a +0 vampiric battleaxe.
* * * LOW HITPOINT WARNING * * *
The vampire knight bites you.
* * * LOW HITPOINT WARNING * * *
The orc warrior hits you with a +0 mace!
* * * LOW HITPOINT WARNING * * *
The vampire knight hits you with a +0 vampiric battleaxe!!
* * * LOW HITPOINT WARNING * * *
The vampire knight bites you but does no damage.
The vampire knight hits you with a +0 vampiric battleaxe.
You die...

##.......##...## {{
##...<...###...##+##.
##.......# ##.........{
##.......###.†###+###.
##.......##..##gg...##
##########..+ g{g...+
###########).##{Wgg. #
....#..[[###))###V###...#
....#.!.[# ##.).@).....#
....'..))# #...##o##..##
....#..))##...##{l.# .#
....#...)##..## ..#
############# ###


You could see a vampire knight (fast, invisible), a basilisk (unable to see
you), an orc warrior (unable to see you), a gnoll sergeant (unable to see you)
and 2 gnolls.

Vanquished Creatures
  An orc high priest (D)
  An orc knight (D)
  2 jumping spiders (D)
  A fire bat (D)
  A basilisk (D)
  3 redbacks (D)
  3 ice beasts (D)
  An orc warrior (D)
  2 ogres (D)
  A wolf (D)
  3 wights (D)
  An orc priest (D)
  A hound (D)
  A small abomination (D)
  Terence (D)
  An orc wizard (D)
  A gnoll (D)
  A white imp (D)
  An ufetubus (D)
  An adder skeleton (D)
  A worm (D)
  4 orcs (D)
  A bat skeleton (D)
  A giant cockroach (D)
  2 quokkas (D)
  2 bats (D)
  A frilled lizard (D)
  A kobold (D)
  2 rats (D)
43 creatures vanquished.

Notes
Turn   | Place    | Note
-------+----------+-------------------------------------------
     0 | D        | rocky1 the Formicid Fighter began the quest for the Orb.
     0 | D        | Reached XP level 1. HP: 18/18 MP: 1/1
   260 | D        | Found a bloodstained altar of Trog.
   260 | D        | Found a shimmering blue altar of Sif Muna.
   260 | D        | Found a viscous altar of Jiyva.
   260 | D        | Found a hazy altar of Hepliaklqana.
   260 | D        | Found an opulent altar of Gozag.
   261 | D        | Found a glowing golden altar of the Shining One.
   261 | D        | Found a glowing silver altar of Zin.
   261 | D        | Found a basalt altar of Yredelemnul.
   261 | D        | Found a shimmering altar of Xom.
   261 | D        | Found an ornate altar of the Wu Jian Council.
   261 | D        | Found a sacrificial altar of Ru.
   261 | D        | Found a stormy altar of Qazlal.
   261 | D        | Found an iron altar of Okawaru.
   261 | D        | Found a sparkling altar of Nemelex Xobeh.
   261 | D        | Found a burning altar of Makhleb.
   261 | D        | Found a blossoming altar of Fedhas.
   261 | D        | Found a white marble altar of Elyvilon.
   261 | D        | Found a shadowy altar of Dithmenos.
   261 | D        | Found a snail-covered altar of Cheibriados.
   264 | D        | Found a corrupted altar of Lugonu.
   264 | D        | Found a radiant altar of Vehumet.
   265 | D        | Found an ancient bone altar of Kikubaaqudgha.
   265 | D        | Found a hide-covered altar of Uskayaw.
   265 | D        | Found a broken altar of Ashenzari.
   269 | D        | Became a worshipper of Warmaster Okawaru
   304 | D        | Reached XP level 2. HP: 24/24 MP: 2/2
   305 | D        | Reached skill level 5 in Shields
   326 | D        | Noticed Terence
   343 | D        | Killed Terence
   344 | D        | Reached skill level 6 in Shields
   344 | D        | Reached XP level 3. HP: 25/30 MP: 3/3
   512 | D        | Noticed an ice beast
   520 | D        | Killed an ice beast
   520 | D        | Reached * piety under Okawaru
   521 | D        | Reached skill level 5 in Fighting
   521 | D        | Reached skill level 5 in Axes
   521 | D        | Reached skill level 5 in Armour
   521 | D        | Reached skill level 8 in Shields
   521 | D        | Reached XP level 4. HP: 39/39 MP: 3/6
   521 | D        | Reached XP level 5. HP: 44/44 MP: 3/7
   571 | D        | Noticed a wolf
   587 | D        | Killed a wolf
   588 | D        | Reached skill level 9 in Shields
   588 | D        | Reached XP level 6. HP: 18/52 MP: 7/9
   599 | D        | Reached skill level 10 in Shields
   692 | D        | Reached skill level 5 in Invocations
   692 | D        | Reached XP level 7. HP: 39/59 MP: 10/10
   926 | D        | Noticed a basilisk
   932 | D        | Killed a basilisk
   932 | D        | Reached ** piety under Okawaru
   933 | D        | Reached skill level 11 in Shields
   948 | D        | Reached XP level 8. HP: 41/68 MP: 10/13
  1136 | D        | Noticed a jumping spider
  1144 | D        | Killed a jumping spider
  1283 | D        | Noticed a jumping spider
  1303 | D        | Killed a jumping spider
  1304 | D        | Reached skill level 10 in Axes
  1304 | D        | Reached skill level 12 in Shields
  1319 | D        | Reached *** piety under Okawaru
  1320 | D        | Reached XP level 9. HP: 64/76 MP: 13/15
  1326 | D        | Noticed an orc high priest
  1344 | D        | Reached skill level 13 in Shields
  1352 | D        | Killed an orc high priest
  1352 | D        | Reached **** piety under Okawaru
  1353 | D        | Reached skill level 10 in Fighting
  1353 | D        | Reached skill level 10 in Armour
  1603 | D        | Noticed an orc knight
  1608 | D        | Noticed a shadow wraith
  1608 | D        | Noticed a vampire knight
  1623 | D        | Killed an orc knight
  1624 | D        | Reached skill level 10 in Invocations
  1624 | D        | Reached XP level 10. HP: 55/86 MP: 10/17
  1630 | D        | HP: 2/86 [vampire knight/+0 vampiric battleaxe (10)]
  1630 | D        | Slain by a vampire knight

Illustrated notes

Levels and vault maps discovered:
D:        pitsprint [storerooms_1, entrance_room_1, metal_vault_5, armoury_2,
          mini_pit_1, grid_room_1, main_hall_1, silver_pit, the_coven_1,
          the_vestibule_1, steel_vault_1, golden_pit, hallway_of_sentries,
          crystal_vault_6, iron_vault_2, final_vault]

Skill      XL: |  1  2  3  4  5  6  7  8  9 |
---------------+----------------------------+-----
Axes           | 4 5 6 7 9 10 12 | 12.8
Shields        | 6 8 9 10 11 12 13 | 13.8
Fighting       | 4 5 6 7 9 10 | 10.5
Armour         | 4 5 6 7 9 10 | 10.4
Invocations    | 3 4 5 6 8 10 | 10.0

Action                     |  1- 3 |  4- 6 |  7- 9 | 10-12 || total
---------------------------+-------+-------+-------+-------++-------
  Melee: War axe           |    26 |       |    55 |     2 ||    83
         Hand axe          |     5 |    32 |    24 |       ||    61
 Invoke: Heroism           |       |       |     4 |       ||     4
         Finesse           |       |       |     1 |       ||     1
    Use: Potion            |       |     2 |       |     1 ||     3
   Stab: Invisible         |       |       |       |     1 ||     1
 Armour: Scale mail        |    17 |    19 |     4 |       ||    40
         Chain mail        |       |       |    36 |     5 ||    41
  Dodge: Dodged            |    17 |    12 |    21 |     2 ||    52
  Block: Buckler           |    10 |    13 |    18 |     2 ||    43

Table legend: (Time is in decaauts)
 A = Elapsed time spent in this place.
 B = Non-inter-level travel time spent in this place.
 C = Inter-level travel time spent in this place.
 D = Time resting spent in this place.
 E = Time spent auto-exploring this place.
 F = Levels seen in this place.
 G = Mean time per level.
                   A        B        C        D        E       F      G
               +--------+--------+--------+--------+--------+-----+--------+
         Total |   1644 |   1575 |     69 |   1106 |      0 |   1 | 1644.0 |
       Dungeon |   1644 |   1575 |     69 |   1106 |      0 |   1 | 1644.0 |
               +--------+--------+--------+--------+--------+-----+--------+

Top non-repeatable levels by time:
       D: 1644 daAuts
